 Dungeon Crawl Stone Soup version 0.20.1-1-g8b1a95d (webtiles) character file.

13473 KoningWillie the Carver (level 11, -5/101 HPs)
             Began as a Minotaur Fighter on Sept 22, 2017.
             Slain by a skeletal warrior
             ... wielding a +0 dire flail
             ... led by a skeletal warrior
              (11 damage)
             ... on level 12 of the Dungeon.
             The game lasted 00:23:34 (16512 turns).

KoningWillie the Carver (Minotaur Fighter)         Turns: 16512, Time: 00:23:35

Health: -5/101     AC: 22    Str: 23    XL:     11   Next: 76%
Magic:  10/10      EV:  6    Int:  5    God:
Gold:   865        SH: 10    Dex: 14    Spells: 10/10 levels left

rFire    . . .     SeeInvis .   a - +1 long sword
rCold    . . .     Gourm    .   c - +0 shield
rNeg     . . .     Faith    .   j - +1 chain mail
rPois    .         Spirit   .   (helmet restricted)
rElec    .         Reflect  .   J - +2 cloak
rCorr    .         Harm     .   A - +0 pair of gloves
MR       .....                  (no boots)
Stlth    ..........             (no amulet)
Regen    0.3/turn               x - +3 ring of dexterity
MPRegen  0.2/turn               y - +3 ring of protection

@: no status effects
A: retaliatory headbutt, horns 2
a: no special abilities


You were on level 12 of the Dungeon.
You were very full.

You visited 2 branches of the dungeon, and saw 15 of its levels.

You collected 865 gold pieces.

Inventory:

Hand Weapons
 a - a +1 long sword (weapon)
Armour
 b - a +0 scale mail
 c - a +0 shield (worn)
 j - a +1 chain mail (worn)
 A - a +0 pair of gloves (worn)
 J - a +2 cloak (worn)
Jewellery
 l - an uncursed amulet of rage
 x - a +3 ring of dexterity (left hand)
 y - a +3 ring of protection (right hand)
 D - a +4 ring of dexterity
 G - an uncursed ring of fire
 H - an uncursed ring of resist corrosion {unknown}
 I - a +3 ring of evasion {unknown}
 O - an uncursed ring of fire
Wands
 m - a wand of polymorph (13/24)
 u - a wand of flame (25/48)
 C - a wand of paralysis (14/24)
 L - a wand of iceblast (12/15)
 M - a wand of acid (6/15)
Scrolls
 e - 2 scrolls of amnesia
 n - 2 scrolls of enchant weapon
 w - a scroll of enchant armour
 B - 2 scrolls of remove curse {unknown}
 K - 2 scrolls of teleportation {unknown}
 N - a scroll of immolation {unknown}
 Q - 3 scrolls of identify
Potions
 d - 4 potions of might
 i - 2 potions of flight
 o - a potion of haste
 p - a potion of invisibility
 q - 2 potions of lignification {unknown}
 v - 2 potions of curing
 z - 4 potions of agility {unknown}
 P - a potion of magic {unknown}
Books
 f - a book of Misfortune

   Spells                             Type                      Level
   a - Confusing Touch                Hexes                        1
   b - Confuse                        Hexes                        3
   c - Gell's Gravitas                Translocation                3
   d - Petrify                        Transmutation/Earth          4
   e - Metabolic Englaciation         Hexes/Ice                    5
   f - Yara's Violent Unravelling     Hexes/Transmutation          5
 r - a book of Changes

   Spells                             Type                      Level
   a - Beastly Appendage              Transmutation                1
   b - Sticks to Snakes               Transmutation                2
   c - Spider Form                    Transmutation/Poison         3
   d - Ice Form                       Ice/Transmutation            4
   e - Blade Hands                    Transmutation                5
 s - a book of Clouds

   Spells                             Type                      Level
   a - Poisonous Vapours              Poison/Air                   2
   b - Mephitic Cloud                 Conjuration/Poison/Air       3
   c - Conjure Flame                  Conjuration/Fire             3
   d - Freezing Cloud                 Conjuration/Ice/Air          6
   e - Ring of Flames                 Charms/Fire                  7
 t - a book of Battle

   Spells                             Type                      Level
   a - Infusion                       Charms                       1
   b - Shroud of Golubria             Charms/Translocation         2
   c - Song of Slaying                Charms                       2
   d - Spectral Weapon                Hexes/Charms                 3
   e - Regeneration                   Charms/Necromancy            3
Miscellaneous
 k - a lamp of fire
Comestibles
 h - a meat ration
 E - a bread ration
 F - 3 royal jellies


   Skills:
 + Level 10.9 Fighting
 + Level 14.3 Long Blades
 + Level 13.8 Armour
 - Level 4.0 Shields


You had 10 spell levels left.
You didn't know any spells.

Dungeon Overview and Level Annotations

Branches:
Dungeon (12/15)            Temple (0/1) D:7            Lair (3/6) D:10
    Orc (0/2) D:10
  Swamp: Lair:2-4    Shoals: Lair:2-4     Snake: Lair:2-4    Spider: Lair:2-4

Altars:
Kikubaaqudgha
Makhleb
Nemelex Xobeh
Sif Muna
Uskayaw
Vehumet
Beogh

Shops:
D:12 !

Annotations:
D:6 zkobry's ghost, novice MfNe
D:8 Erica
Lair:3 Rupert


Innate Abilities, Weirdness & Mutations

You reflexively headbutt those who attack you in melee.
You have a pair of horns on your head.


Message History

The skeletal warrior hits you with a dire flail!
* * * LOW HITPOINT WARNING * * *
You block the skeletal warrior's attack.
You feel better.
The skeletal warrior hits you but does no damage.
You hit the skeletal warrior but do no damage.
The skeletal warrior is almost destroyed.
The skeletal warrior hits you but does no damage.
You hit the skeletal warrior but do no damage.
The skeletal warrior is almost destroyed.
You closely miss the skeletal warrior.
The skeletal warrior is almost destroyed.
The skeletal warrior hits you but does no damage.
You feel better.
The skeletal warrior hits you with a dire flail!
* * * LOW HITPOINT WARNING * * *
You hit the skeletal warrior.
The skeletal warrior is almost destroyed.
The skeletal warrior hits you with a dire flail!
You die...

##......##.........#
#.####........##.####...
#.# #####............#
#.# #.....##.###### .#
... #.###.##.######.#
#.# #. #<##........# #.#
###.###.####...##.# #..
........z....#.#
##.......@.....#
##..######.#...... #..
#........ #. ########. #


You could see a skeletal warrior.

Vanquished Creatures
  A two-headed ogre (D:10)
  Nergalle (D:11)
  A skeletal warrior (D:11)
  Pikel (D:4)
  An ugly thing (D:12)
  A cyclops (D:11)
  A manticore (D:11)
  2 gargoyles (D:11)
  A komodo dragon (Lair:1)
  2 trolls
  6 hippogriffs
  A shadow (D:6)
  A wyvern (D:11)
  4 yaks (Lair:1)
  2 vampire mosquitoes (D:11)
  3 wargs (D:10)
  The ghost of Internecine the Shooter, an amateur HaHu (D:3)
  A naga (Lair:2)
  3 water moccasins (Lair:1)
  A porcupine (Lair:3)
  4 sky beasts
  6 orc warriors
  A phantom (D:10)
  A black bear (D:10)
  3 necrophages
  4 ogres
  An ice beast (D:10)
  3 wolves (Lair:1)
  7 centaurs
  6 crocodiles
  2 big kobolds (D:11)
  6 bullfrogs
  A wyvern zombie (D:10)
  A water moccasin zombie (D:11)
  2 scorpions
  6 killer bees
  3 wights (D:8)
  A jelly (Lair:1)
  A howler monkey (D:5)
  A centaur zombie (D:7)
  7 crimson imps
  3 hounds
  10 orc wizards
  5 orc priests
  A bullfrog skeleton (D:11)
  2 iguanas
  5 worker ants
  A hound skeleton (D:9)
  A worker ant zombie (D:7)
  11 adders
  A shadow imp (D:8)
  An ooze (D:2)
  3 adder zombies
  3 leopard geckos
  31 orcs
  A ball python (D:2)
  4 bat zombies (D:3)
  3 giant cockroaches
  4 goblins
  5 hobgoblins
  15 jackals
  4 quokkas
  8 bats
  2 frilled lizards
  14 kobolds
  A quokka zombie (D:5)
  3 rats
244 creatures vanquished.

Vanquished Creatures (collateral kills)
  A hydra (Lair:1)
1 creature vanquished.

Vanquished Creatures (others)
  Gastronok (D:12)
  3 skeletal warriors (D:12)
  A vampire mosquito (D:12)
  An orc warrior (D:12)
  A bullfrog zombie (D:12)
  A hound (D:12)
  Ijyb (D:4)
  2 orc wizards
  An adder (D:4)
  2 orcs
  2 jackals (D:4)
  A jackal skeleton (D:4)
17 creatures vanquished.

Grand Total: 262 creatures vanquished

Notes
Turn   | Place    | Note
-------+----------+-------------------------------------------
     0 | D:1      | KoningWillie the Minotaur Fighter began the quest for the Orb.
     0 | D:1      | Reached XP level 1. HP: 19/19 MP: 0/0
   299 | D:1      | Reached XP level 2. HP: 27/27 MP: 1/1
   927 | D:2      | Reached XP level 3. HP: 33/33 MP: 2/2
  1087 | D:2      | Reached skill level 3 in Long Blades
  1556 | D:3      | Found a sparkling altar of Nemelex Xobeh.
  1586 | D:3      | Reached XP level 4. HP: 32/41 MP: 3/3
  1750 | D:3      | Reached skill level 4 in Long Blades
  1763 | D:3      | Noticed Internecine's ghost (amateur HaHu)
  1786 | D:3      | Killed Internecine's ghost
  1786 | D:3      | Reached skill level 5 in Long Blades
  1786 | D:3      | Reached XP level 5. HP: 34/47 MP: 4/4
  2233 | D:3      | Found an ancient bone altar of Kikubaaqudgha.
  2703 | D:3      | Reached XP level 6. HP: 38/55 MP: 5/5
  2709 | D:3      | Reached skill level 6 in Long Blades
  2716 | D:3      | Reached skill level 5 in Fighting
  2716 | D:3      | Reached skill level 5 in Armour
  2968 | D:4      | Noticed Pikel
  2968 | D:4      | Noticed a slave
  2970 | D:4      | Noticed a slave
  2971 | D:4      | Noticed a slave
  2972 | D:4      | Noticed a slave
  2983 | D:4      | Killed Pikel
  2983 | D:4      | Reached skill level 7 in Long Blades
  2983 | D:4      | Reached XP level 7. HP: 30/61 MP: 6/6
  2989 | D:4      | Reached skill level 8 in Long Blades
  3312 | D:4      | Killed Ijyb
  3483 | D:4      | Got an ancient steel amulet
  3695 | D:4      | Identified the amulet "Pudagal Dite" {Spirit Fragile +Inv rF+++ Int-5} (You found it on level 4 of the Dungeon)
  3700 | D:4      | Lost intelligence.
  3824 | D:5      | Entered Level 5 of the Dungeon
  3889 | D:5      | Reached XP level 8. HP: 64/70 MP: 7/7
  4084 | D:5      | Found a burning altar of Makhleb.
  4090 | D:5      | Found a deep blue altar of Sif Muna.
  4093 | D:5      | Found a radiant altar of Vehumet.
  4173 | D:5      | Reached skill level 9 in Long Blades
  4553 | D:6      | Noticed zkobry's ghost (novice MfNe)
  6126 | D:7      | Reached skill level 10 in Long Blades
  6146 | D:7      | Reached XP level 9. HP: 74/78 MP: 8/8
  6440 | D:7      | Found a staircase to the Ecumenical Temple.
  6951 | D:8      | Noticed Erica
  7077 | D:9      | Reached skill level 11 in Long Blades
  7509 | D:9      | Noticed a two-headed ogre
  7583 | D:9      | Reached skill level 10 in Armour
  7588 | D:10     | Entered Level 10 of the Dungeon
  8127 | D:10     | Noticed a troll
  8154 | D:10     | Found a staircase to the Lair.
  8163 | Lair:1   | Entered Level 1 of the Lair of Beasts
  8301 | Lair:1   | Reached XP level 10. HP: 88/88 MP: 9/9
  8398 | Lair:1   | Reached skill level 12 in Long Blades
  9032 | Lair:1   | Noticed a five-headed hydra
  9057 | Lair:1   | Killed a ten-headed hydra
 10723 | Lair:3   | Noticed a spiny frog
 10798 | Lair:3   | Noticed Rupert
 10853 | D:10     | Reached skill level 13 in Long Blades
 11426 | D:10     | Noticed a two-headed ogre
 11629 | D:11     | Reached XP level 11. HP: 86/99 MP: 10/10
 11691 | D:11     | Noticed a green ugly thing
 11725 | D:12     | Killed a green ugly thing
 11726 | D:12     | Found a hide-covered altar of Uskayaw.
 12050 | D:11     | Reached skill level 10 in Fighting
 13266 | D:12     | Noticed Gastronok
 13266 | D:12     | Noticed Nergalle
 13498 | D:10     | Killed a two-headed ogre
 14414 | D:10     | Found a roughly hewn altar of Beogh.
 14414 | D:10     | Found a staircase to the Orcish Mines.
 14443 | D:10     | Reached skill level 14 in Long Blades
 15146 | D:12     | Found Tyrem's Distillery.
 15152 | D:12     | Noticed a skeletal warrior
 15482 | D:12     | Noticed a skeletal warrior
 15554 | D:11     | Killed Nergalle
 15718 | D:11     | Killed a skeletal warrior
 15944 | D:12     | Killed a skeletal warrior
 16037 | D:12     | Killed a skeletal warrior
 16328 | D:12     | Killed Gastronok
 16444 | D:12     | Noticed a skeletal warrior
 16497 | D:12     | Killed a skeletal warrior
 16505 | D:12     | HP: 1/101 [skeletal warrior/dire flail[a skeletal warrior] (12)]
 16512 | D:12     | Slain by a skeletal warrior

Skill      XL: |  1  2  3  4  5  6  7  8  9 10 11 |
---------------+----------------------------------+-----
Fighting       | 4 5 6 8 9 10 | 10.9
Shields        | 4 |  4.0
Armour         | 4 6 8 10 12 13 | 13.8
Long Blades    | 3 5 7 8 10 11 13 14 | 14.3

Action                   |  1- 3 |  4- 6 |  7- 9 | 10-12 || total
-------------------------+-------+-------+-------+-------++-------
Melee: Long sword        |    69 |    91 |   336 |   554 ||  1050
       Headbutt          |     8 |    20 |    76 |   147 ||   251
  Use: Scroll            |     2 |     1 |     8 |     4 ||    15
       Potion            |       |     1 |     2 |     8 ||    11
  Eat: Bread ration      |     1 |     1 |     1 |     3 ||     6
       Meat ration       |       |       |     3 |     1 ||     4
       Royal jelly       |       |       |     1 |     3 ||     4
       Fruit             |       |       |       |     4 ||     4
Armor: Scale mail        |    16 |       |       |       ||    16
       Chain mail        |    24 |    43 |   166 |   305 ||   538
Dodge: Dodged            |    25 |    15 |    76 |   121 ||   237
Block: Shield            |    34 |    37 |   148 |   239 ||   458
       Rpst.: Long sword |    11 |     5 |    20 |    26 ||    62
